 Dungeon Crawl Stone Soup version 0.18-a0-721-g8fc53f4 (console) character file.

23 bli the Insei (level 2, -2/18 HPs)
             Began as an Octopode Transmuter on Dec 8, 2015.
             Slain by a hobgoblin
             ... wielding a +0 club
              (5 damage)
             ... on level 1 of the Dungeon.
             The game lasted 00:01:34 (560 turns).

bli the Insei (Octopode Transmuter)                  Turns: 560, Time: 00:01:34

Health: -2/18      AC:  1    Str:  9    XL:     2   Next: 95%
Magic:  5/5        EV: 12    Int: 15    God:
Gold:   42         SH:  0    Dex: 12    Spells: 1 memorised, 4 levels left

rFire  . . .     SeeInvis .       - Unarmed
rCold  . . .     Clarity  .     (no shield)
rNeg   . . .     SustAt   .     (helmet restricted)
rPois  .         Gourm    .     (no amulet)
rElec  .         Spirit   .     (no ring)
rCorr  .         Dismiss  .     (no ring)
rMut   .         Stasis   .     (no ring)
MR     .....                    (no ring)
Stlth  ++........               (no ring)
                                (no ring)
                                (no ring)
                                (no ring)

@: not resistant to hostile enchantments, unstealthy
A: almost no armour, amphibious, 8 rings, constrict 8, camouflage 1, gelatinous
body 1
a: no special abilities


You were on level 1 of the Dungeon.
You were not hungry.

You visited 1 branch of the dungeon, and saw 1 of its levels.

You collected 42 gold pieces.

Inventory:

Missiles
 a - 12 arrows
 d - 47 stones (quivered)
Scrolls
 e - a scroll of enchant weapon {unknown}
Potions
 h - a potion of curing {unknown}
Books
 b - a book of Changes

   Spells                             Type                      Level
   a - Beastly Appendage              Transmutation                1
   b - Sticks to Snakes               Transmutation                2
   c - Spider Form                    Transmutation/Poison         3
   d - Ice Form                       Ice/Transmutation            4
   e - Blade Hands                    Transmutation                5
Comestibles
 c - a bread ration
 f - 3 fruits
 g - 5 chunks of flesh


   Skills:
 * Level 1.3 Fighting
 * Level 2.1 Dodging
 + Level 0.4 Stealth
 * Level 3.5 Unarmed Combat
 + Level 2.2 Spellcasting
 + Level 2.0 Transmutations


You had 4 spell levels left.
You knew the following spells:

 Your Spells              Type           Power        Failure   Level  Hunger
a - Beastly Appendage     Trmt           #.....       12%         1    #......


Dungeon Overview and Level Annotations

Branches:
Dungeon (1/15)

Altars:


Innate Abilities, Weirdness & Mutations

You cannot wear most types of armour.
You are amphibious.
You can wear up to eight rings at the same time.
You can use your tentacles to constrict eight enemies at once.
Your skin changes colour to match your surroundings (Stealth).
Your rubbery body absorbs attacks (AC +1).


Message History

A hobgoblin comes into view.
You miss the kobold. Your grab misses the kobold.
Your tentacle-slap misses the kobold.
The bat hits you but does no damage. The kobold hits you but does no damage.
The hobgoblin hits you with a club.
You bludgeon the bat!
You kill the bat!
The kobold hits you. The hobgoblin hits you with a club.
You closely miss the hobgoblin. Your grab misses the hobgoblin.
You tentacle-slap the hobgoblin.
The hobgoblin is moderately wounded.
The kobold hits you. The hobgoblin barely misses you.
The hobgoblin hits you with a club.
* * * LOW HITPOINT WARNING * * *
You miss the kobold. You grab the kobold. You squeeze the kobold.
You kill the kobold!
The hobgoblin closely misses you.
You tentacle-slap the hobgoblin. You grab the hobgoblin.
The hobgoblin is severely wounded.
You constrict the hobgoblin, but do no damage.
The hobgoblin hits you with a club.
You die...

#.#
#.#...#.#...#.##..
#.#
#.#...#...#...##..
#.#
##........###......
...........#......#
#.
###.........######
##.# #...#.#####
##...####...###
#..........†#
###....####.#.#
....#...###.#.#
#)...gg@..#.#
#.###.#####.#
#.†.......#
#.#.####### #.#.# #
#.. >.. ###


You could see 2 hobgoblins.

Vanquished Creatures
  2 giant geckos (D:1)
  A ball python (D:1)
  6 bats (D:1)
  3 kobolds (D:1)
  2 giant cockroaches (D:1)
  3 goblins (D:1)
  3 rats (D:1)
20 creatures vanquished.

Notes
Turn   | Place    | Note
--------------------------------------------------------------
     0 | D:1      | bli the Octopode Transmuter began the quest for the Orb.
     0 | D:1      | Reached XP level 1. HP: 13/13 MP: 3/3
    98 | D:1      | Reached XP level 2. HP: 4/18 MP: 5/5
   560 | D:1      | Slain by a hobgoblin

Vault maps used:
D:1:      saegor_arrival_simple_d

Action                   || total
-------------------------++-------
Melee: Unarmed           ||    44
 Stab: Sleeping          ||     3
